 Seeded DCSS version 0.29.1-15-g9cfb28693d (webtiles) character file.

Game seed: 1 (custom seed)

9081 Kazon the Covert (level 11, -2/103 HPs)
             Began as a Naga Fighter on Mar 16, 2023.
             Was a High Priest of Okawaru.
             Slain by a yak (12 damage)
             ... on level 10 of the Dungeon.
             The game lasted 00:45:23 (8746 turns).

Kazon the Covert (Naga Fighter)                     Turns: 8746, Time: 00:45:24

Health: -2/103     AC:  8    Str: 18    XL:     11   Next: 40%
Magic:  14/14      EV: 13    Int: 11    God:    Okawaru [*****.]
Gold:   434        SH:  0    Dex: 13    Spells: 10/10 levels left

rFire   . . .      SeeInvis +   q - +7 lajatang of Order {silver, rMut}
rCold   + . .      Faith    .   (shield currently unavailable)
rNeg    + . .      Spirit   .   P - +0 troll leather armour
rPois   +          Reflect  .   j - +0 helmet
rElec   .          Harm     .   (no cloak)
rCorr   .          Rampage  .   (no gloves)
rMut    +                       (no barding)
Will    +....                   A - amulet of the acrobat
Stlth   ++........              r - ring of positive energy
HPRegen 1.07/turn               E - ring of protection from cold
MPRegen 0.14/turn

@: confused, heroic, ambrosia-drunk, very slow
A: AC +3, large, see invisible, deformed body, poison resistance, slowness 2,
spit poison 1, naga tail 1
a: Spit Poison, Renounce Religion, Heroism, Finesse, Duel


You were on level 10 of the Dungeon.
You worshipped Okawaru.
Okawaru was extremely pleased with you.
You visited 2 branches of the dungeon, and saw 11 of its levels.

You collected 618 gold pieces.
You spent 184 gold pieces at shops.

Inventory:

Hand Weapons
 e - a +2 dagger of venom
 q - the +7 lajatang of Order (weapon) {silver, rMut}
   (You acquired it on level 1 of the Dungeon)

   It inflicts extra damage upon those it strikes, and deals substantially
   increased damage to chaotic, mutated and magically transformed beings.
   rMut:      It protects you from mutation.
 s - the +3 falchion of Winter {venom, rCorr}
   (You bought it in a shop on level 3 of the Dungeon)

   It poisons the flesh of those it strikes.
   rCorr:     It protects you from acid and corrosion.
 w - a +1 sling of flaming
 D - the +5 long sword of the Land of Plenty {drain, Dex+3}
   (You found it on level 10 of the Dungeon)

   A truly terrible weapon, it drains the life of any living foe it strikes.
   Dex:       It affects your dexterity (+3).
Missiles
 h - 38 stones
 n - a throwing net
 o - 14 boomerangs (quivered)
 H - 4 curare-tipped darts
 J - 18 poisoned darts
Armour
 c - a +0 buckler
 j - a +0 helmet (worn)
 P - a +0 troll leather armour (worn)
Jewellery
 r - a ring of positive energy (left hand)
 A - an amulet of the acrobat (around neck)
 E - a ring of protection from cold (right hand)
 M - a ring of protection from cold
Wands
 g - a wand of roots (6)
 B - a wand of flame (20)
 C - a wand of mindburst (15)
 I - a wand of paralysis (15)
Scrolls
 i - 3 scrolls of identify
 l - a scroll of immolation
 p - a scroll of poison {unknown}
 t - 3 scrolls of teleportation
 u - 3 scrolls of fog
 v - a scroll of magic mapping
 y - 2 scrolls of noise
 F - 2 scrolls of enchant weapon
 K - 3 scrolls of fear
 L - a scroll of summoning {unknown}
 O - a scroll of amnesia {unknown}
Potions
 a - a potion of ambrosia
 b - 4 potions of berserk rage {unknown}
 d - 2 potions of might
 f - 2 potions of flight
 k - 2 potions of cancellation
 m - 2 potions of haste
 x - 5 potions of lignification
 z - a potion of magic
 G - a potion of curing
Miscellaneous
 N - a condenser vane


   Skills:
 + Level 7.8(12.8) Fighting
 + Level 3.1(10.9) Short Blades
 + Level 7.9(13.2) Long Blades
 + Level 7.5(12.5) Staves
 + Level 1.7(6.7) Ranged Weapons
 + Level 4.6(9.6) Throwing
 + Level 5.0(10.0) Armour
 + Level 4.5(9.5) Dodging
 + Level 8.9(13.9) Stealth
 + Level 3.6(8.6) Shields
 * Level 4.0 Invocations
 * Level 3.4 Evocations


You had 10 spell levels left.
You didn't know any spells.
Your spell library contained the following spells:

 Spells                   Type           Power      Damage    Failure   Level
 Apportation              Tloc           0%         N/A       38%         1
 Magic Dart               Conj           0%         1d3       38%         1
 Necrotise                Necr           0%         1d4       38%         1
 Sting                    Tmut/Pois      0%         1d3       38%         1
 Poisonous Vapours        Pois/Air       0%         N/A       52%         2
 Mephitic Cloud           Conj/Pois/Air  0%         N/A       77%         3
 Ozocubu's Armour         Ice            0%         N/A       77%         3
 Olgreb's Toxic Radiance  Pois           0%         N/A       99%         4
 Fireball                 Conj/Fire      0%         3d3       100%        5
 Iskenderun's Battlesphe  Conj           0%         2d6       100%        5
 Metabolic Englaciation   Hex/Ice        0%         N/A       100%        5
 Conjure Ball Lightning   Conj/Air       0%         3x3d6     100%        6
 Orb of Destruction       Conj           0%         9d5       100%        7
 Summon Small Mammal      Summ           Unusable   N/A       N/A         1
 Call Imp                 Summ           Unusable   N/A       N/A         2
 Simulacrum               Ice/Necr       Unusable   N/A       N/A         6

Dungeon Overview and Level Annotations

Branches:
Dungeon (10/15)            Temple (1/1) D:7            Lair (0/5) D:10
    Orc: D:9-12

Altars:
Ashenzari
Dithmenos
Elyvilon
Gozag
Hepliaklqana
Makhleb
Nemelex Xobeh
Okawaru
Qazlal
Uskayaw
Xom

Shops:
D:3 (   D:8 ?(==   D:10 :


Innate Abilities, Weirdness & Mutations

Your serpentine skin is tough. (AC +3)
You have supernaturally acute eyesight. (SInv)
Armour fits poorly on your strangely shaped body.
Your system is resistant to poisons. (rPois)
You cover ground very slowly.
You can spit poison.
You have a snake-like lower body.


Message History

The yak gores you. x2; The yak misses you.
You hit the yak.
The yak is lightly wounded.
The yak gores you! The yak gores you. The yak barely misses you.
You hit the yak.
The yak is moderately wounded.
The yak gores you! The yak completely misses you. The yak gores you.
You hit the yak.
The yak is moderately wounded.
The yak gores you! The yak barely misses you. The yak gores you.
* * * LOW HITPOINT WARNING * * *
You closely miss the yak.
The yak is moderately wounded.
The yak gores you but does no damage. The yak misses you. The yak gores you!
* * * LOW HITPOINT WARNING * * *
You gain the combat prowess of a mighty hero.
The yak misses you. The yak gores you!
* * * LOW HITPOINT WARNING * * *
The yak gores you but does no damage.
You hit the yak.
The yak is heavily wounded.
The yak misses you. The yak gores you but does no damage. The yak gores you!
* * * LOW HITPOINT WARNING * * *
Okay, then.
You feel better. The yak gores you.
* * * LOW HITPOINT WARNING * * *
The yak closely misses you. The yak gores you!
* * * LOW HITPOINT WARNING * * *
It was a potion of ambrosia.
You are confused.
You feel invigorated. The yak gores you.
* * * LOW HITPOINT WARNING * * *
The yak gores you but does no damage. The yak gores you.
* * * LOW HITPOINT WARNING * * *
You closely miss the yak.
The yak is moderately wounded.
You closely miss the yak.
The yak is moderately wounded.
The yak closely misses you. x2; The yak gores you!
You die...

#.......#..
#.......#..
#........!.
#.#.......
#.......#.#
#.........#
#.YYY.....#
#..@# #...#
#...# #...#
### #.<.#
#.# #...#
#.# #...#
#.# #...#
#.#
#...####.#


You could see 3 yaks.

Vanquished Creatures
  Erolcha (D:10)
  A two-headed ogre (D:9)
  Maggie (D:6)
  2 trolls (D:10)
  Prince Ribbit (D:9)
  A shadow (D:9)
  A vampire (D:10)
  2 yaks
  2 wyverns
  Eustachio (D:5)
  2 steam dragons
  Menkaure (D:5)
  Edmund (D:6)
  An acid dragon (D:10)
  4 water moccasins
  4 orc warriors
  An ice beast (D:8)
  5 sky beasts
  2 black bears (D:6)
  4 centaurs
  An ogre (D:6)
  A wolf (D:10)
  2 phantoms (D:6)
  3 kobold brigands
  3 necrophages
  A bullfrog (D:7)
  A gnoll sergeant (D:7)
  5 scorpions
  17 wights
  3 killer bees (D:10)
  An electric eel (D:10)
  A howler monkey (D:5)
  2 jellies (D:6)
  6 hounds
  7 orc priests
  A gnoll bouda (D:7)
  6 iguanas
  2 orc wizards (D:9)
  Robin (D:3)
  15 gnolls
  13 adders
  3 shadow imps
  2 white imps (D:7)
  An ufetubus (D:5)
  3 worms
  34 orcs
  11 endoplasms
  A giant cockroach (D:1)
  16 goblins
  9 hobgoblins
  A jackal (D:4)
  24 kobolds
  2 quokkas
  5 ball pythons
  4 bats
  3 frilled lizards
  6 rats
255 creatures vanquished.

Notes
Turn   | Place    | Note
-------+----------+-------------------------------------------
     0 | D:1      | Kazon the Naga Fighter began the quest for the Orb.
     0 | D:1      | Reached XP level 1. HP: 21/21 MP: 1/1
    38 | D:1      | Identified a scroll of acquirement
    38 | D:1      | Acquired the +7 lajatang of Order {silver, rMut}
    38 | D:1      | Found the +7 lajatang of Order {silver, rMut}
   122 | D:1      | Reached XP level 2. HP: 28/28 MP: 2/2
   274 | D:1      | Reached skill level 1 in Staves
   658 | D:2      | Reached XP level 3. HP: 34/34 MP: 3/3
   973 | D:2      | You fall into a shaft and drop 1 floor!
   973 | D:3      | Found Umat's Antique Weapon Boutique.
  1043 | D:2      | Reached XP level 4. HP: 42/44 MP: 4/4
  1361 | D:3      | Bought a crude falchion for 184 gold pieces
  1361 | D:3      | Identified the +3 falchion of Winter {venom, rCorr} (You
                  | bought it in a shop on level 3 of the Dungeon)
  1492 | D:3      | Noticed Robin
  1506 | D:3      | Killed Robin
  1507 | D:3      | Reached XP level 5. HP: 15/45 MP: 5/5
  1994 | D:3      | Reached skill level 5 in Fighting
  1994 | D:3      | Reached skill level 5 in Staves
  1994 | D:3      | Reached skill level 6 in Stealth
  1994 | D:3      | Reached XP level 6. HP: 60/60 MP: 6/6
  2347 | D:4      | Reached XP level 7. HP: 68/68 MP: 7/7
  2639 | D:4      | Found a hazy altar of Hepliaklqana.
  3035 | D:5      | Entered Level 5 of the Dungeon
  3054 | D:5      | Noticed Menkaure
  3062 | D:5      | Killed Menkaure
  3063 | D:5      | Reached skill level 1 in Ranged Weapons
  3063 | D:5      | Reached XP level 8. HP: 40/76 MP: 8/8
  3224 | D:5      | Noticed Eustachio
  3244 | D:5      | Killed Eustachio
  3840 | D:6      | Reached XP level 9. HP: 23/85 MP: 9/9
  4389 | D:7      | Found a staircase to the Ecumenical Temple.
  4399 | Temple   | Entered the Ecumenical Temple
  4406 | Temple   | Became a worshipper of Warmaster Okawaru
  4480 | D:7      | Found a hide-covered altar of Uskayaw.
  4637 | D:6      | Reached skill level 1 in Short Blades
  4638 | D:6      | Noticed Edmund
  4645 | D:6      | Killed Edmund
  4663 | D:6      | Reached skill level 5 in Armour
  4691 | D:6      | Reached * piety under Okawaru
  4692 | D:6      | Reached skill level 1 in Invocations
  4692 | D:6      | Reached skill level 1 in Evocations
  4777 | D:6      | Reached skill level 7 in Stealth
  4876 | D:6      | Reached ** piety under Okawaru
  5114 | D:6      | Reached XP level 10. HP: 50/92 MP: 11/11
  5338 | D:6      | Noticed Maggie
  5367 | D:6      | Killed Maggie
  5977 | D:7      | Reached *** piety under Okawaru
  6096 | D:7      | Found a white marble altar of Elyvilon.
  7031 | D:8      | Found Esumer's Weapon Shop.
  7062 | D:8      | Reached skill level 8 in Stealth
  7136 | D:8      | Found Heidghoki's Jewellery Shop.
  7171 | D:8      | Found Quzidd's Magic Scroll Emporium.
  7403 | D:8      | Found Zoxtaeshakh's Jewellery Boutique.
  8062 | D:9      | Noticed Prince Ribbit
  8070 | D:9      | Killed Prince Ribbit
  8070 | D:9      | Reached **** piety under Okawaru
  8197 | D:9      | Noticed a two-headed ogre
  8206 | D:9      | Killed a two-headed ogre
  8207 | D:9      | Reached XP level 11. HP: 95/100 MP: 13/13
  8276 | D:10     | Entered Level 10 of the Dungeon
  8316 | D:10     | Found a staircase to the Lair.
  8408 | D:10     | Noticed Erolcha
  8418 | D:10     | Killed Erolcha
  8435 | D:10     | Identified the +5 long sword of the Land of Plenty {drain,
                  | Dex+3}
  8452 | D:10     | Found Juagoaq's Book Shoppe.
  8461 | D:10     | Reached ***** piety under Okawaru
  8742 | D:10     | HP: 5/103 [yak (12)]
  8744 | D:10     | HP: 2/103 [yak (2)]
  8746 | D:10     | Slain by a yak

Illustrated notes

Levels and vault maps discovered:
D:1:      dpeg_arrival_three_smaller_balls, layout_basic
D:2:      layout_loops_ring
D:3:      layout_basic, serial_shops, nicolae_shop_stone, st_stairs_9,
          minmay_misc_feat_doors, eino_curves_03, uniq_robin
D:4:      minmay_wonky_spiral, layout_basic,
          mainiacjoe_overflow_surrounded_room, minivault_5
D:5:      layout_cave_pods, uniq_menkaure, uniq_eustachio
D:6:      cheibrodos_barr_body, layout_basic, minmay_crystal_room,
          minmay_pentangle, uniq_maggie, uniq_edmund
D:7:      layout_cave_pools, nicolae_uskayaw_murder_on_the_dancefloor,
          elyvilon_altar_4, minmay_temple_entry_purple_smoke
D:8:      layout_basic, serial_shops, shop_statue, kennysheep_little_box, shop,
          nicolae_shop_window_shopping
D:9:      layout_cave_pools, uniq_prince_ribbit1
D:10:     layout_stronghold, erik_lair_island, serial_shops,
          nicolae_shop_statue_plus, uniq_erolcha
Temple:   nicolae_temple_bog_church

Skill      XL: |  1  2  3  4  5  6  7  8  9 10 11 |
---------------+----------------------------------+-----
Staves         | 1 2 5 6 7 |  7.5
Shields        | 3 |  3.6
Armour         | 4 5 |  5.0
Fighting       | 5 6 7 |  7.8
Long Blades    | 6 7 |  7.9
Throwing       | 3 4 |  4.6
Dodging        | 3 4 |  4.5
Stealth        | 6 7 8 |  8.9
Ranged Weapons | 1 |  1.7
Short Blades   | 1 3 |  3.1
Invocations    | 1 3 4 |  4.0
Evocations     | 1 2 3 |  3.4

Action                   |  1- 3 |  4- 6 |  7- 9 | 10-12 || total
-------------------------+-------+-------+-------+-------++-------
Melee: Lajatang          |    43 |    45 |    13 |   121 ||   222
       Long sword        |     5 |       |       |       ||     5
       Falchion          |       |    11 |   116 |    75 ||   202
       Dagger            |       |     1 |   181 |   143 ||   325
       Punch             |       |       |     1 |     1 ||     2
 Fire: Sling             |       |     2 |    20 |    18 ||    40
Throw: Stone             |     7 |    19 |    17 |    46 ||    89
       Dart              |       |       |       |    11 ||    11
       Boomerang         |       |       |       |     1 ||     1
Invok: Heroism           |       |       |       |     3 ||     3
 Abil: Spit Poison       |    12 |    13 |    13 |    17 ||    55
Evoke: Wand              |       |       |       |    10 ||    10
  Use: Scroll            |     1 |       |     2 |    11 ||    14
       Potion            |       |     1 |     1 |     4 ||     6
 Stab: Sleeping          |       |     1 |    11 |     9 ||    21
       Paralysed         |       |       |       |     3 ||     3
Armor: Scale mail        |    31 |    28 |    39 |       ||    98
       Leather armour    |       |       |   104 |    61 ||   165
       Troll leather arm |       |       |       |    18 ||    18
Dodge: Dodged            |    35 |    54 |   188 |   164 ||   441
Block: Buckler           |     7 |       |    55 |    42 ||   104
